 Dungeon Crawl Stone Soup version 0.32-a0-485-g70f7560b1c (webtiles) character file.

Game seed: 3409948479933988211

11964 ezpacito the Trooper (level 11, -8/83 HPs)
             Began as a Demonspawn Chaos Knight on Feb 26, 2024.
             Was a Plaything of Xom.
             Mangled by a harpy zombie (13 damage)
             ... on level 1 of the Abyss.
             The game lasted 00:16:32 (8711 turns).

ezpacito the Trooper (Demonspawn Chaos Knight)      Turns: 8711, Time: 00:16:34

Health: -8/83      AC: 20    Str: 15    XL:     11   Next: 56%
Magic:  18/18      EV: 12    Int: 12    God:    Xom [..*...]
Gold:   117        SH:  0    Dex: 17    Spells: 3/19 levels left

rFire   . . .        a - +0 hand axe (chaos)
rCold   + . .        (no shield)
rNeg    . . .        m - +3 scale mail {rC+}
rPois   +            (helmet restricted)
rElec   .            c - +0 cloak
rCorr   .            w - +0 pair of gloves
SInv    .            (no boots)
Will    .....        o - amulet of the acrobat
Stlth   +            r - +4 ring of protection
HPRegen 0.33/turn    B - ring of poison resistance
MPRegen 0.16/turn

%: acrobat
@: studying Ice Magic
A: yellow scales 2, ignite blood 2, demonic touch 2, fangs 1, horns 1, agile 1
a: Renounce Religion


You were on level 1 of the Abyss.
You worshipped Xom.
You were a toy of Xom.
You visited 2 branches of the dungeon, and saw 10 of its levels.
You visited the Abyss 1 time.

You collected 360 gold pieces.
You spent 243 gold pieces at shops.

Inventory:

Hand Weapons
 a - a +0 hand axe of chaos (weapon)
 s - a +4 battleaxe
 F - a +7 broad axe of electrocution
Missiles
 d - 4 javelins (quivered)
 j - 6 boomerangs
 v - 13 poisoned darts
 A - 3 throwing nets
 H - 5 curare-tipped darts
Armour
 c - a +0 cloak (worn)
 e - a scarf of harm
 g - an orb of wrath
 m - a +3 scale mail of cold resistance (worn)
 w - a +0 pair of gloves (worn)
Magical Staves
 l - a staff of death
Jewellery
 o - an amulet of the acrobat (around neck)
 r - a +4 ring of protection (left hand)
 u - a ring of flight
 x - a ring of willpower
 B - a ring of poison resistance (right hand)
 G - a ring of protection from cold
Wands
 f - a wand of digging (8)
Scrolls
 i - a scroll of silence
 p - 2 scrolls of vulnerability
 C - 3 scrolls of amnesia
 D - a scroll of blinking {unknown}
 E - a scroll of enchant armour {unknown}
Potions
 b - a potion of enlightenment
 h - 2 potions of brilliance
 n - 2 potions of attraction


   Skills:
 * Level 6.5 Fighting
 * Level 5.8(6.4) Axes
 + Level 3.7(5.3) Polearms
 + Level 3.6 Throwing
 * Level 5.6 Armour
 * Level 5.2 Dodging
 + Level 4.0 Stealth
 * Level 5.0 Unarmed Combat
 * Level 4.8 Spellcasting
 + Level 2.3 Conjurations
 + Level 3.9 Summonings
 * Level 5.8 Necromancy
 + Level 1.8 Fire Magic
 + Level 2.9 Ice Magic
 + Level 2.0 Alchemy
 + Level 3.9 Evocations


You had 3 spell levels left.
You knew the following spells:

 Your Spells              Type           Power      Damage    Failure   Level
a - Martyr's Knell        Necr/Summ      14%        N/A       67%         4
b - Foxfire               Conj/Fire      28%        2x1d5     30%         1
c - Summon Hydra          Summ           6%         N/A       100%        7
d - Sticky Flame          Fire/Alch      7%         2d4       97%         4

Your spell library contained the following spells:

 Spells                   Type           Power      Damage    Failure   Level
 Flame Wave               Conj/Fire      7%         2d5       96%         4
 Summon Cactus Giant      Summ           6%         N/A       100%        6
 Haunt                    Necr/Summ      7%         N/A       100%        7


Dungeon Overview and Level Annotations

Branches:
Dungeon (9/15)             Temple (1/1) D:4            Lair (0/5) D:8
    Orc: D:9-12

Altars:
Ashenzari
Cheibriados
Dithmenos
Fedhas
Hepliaklqana
Kikubaaqudgha
Makhleb
Nemelex Xobeh
Okawaru
Qazlal
Ru
Sif Muna
Trog
Uskayaw
Wu Jian
Xom
Yredelemnul

Shops:
D:1 *   D:5 =[:(

Annotations:
D:9 Erolcha


Innate Abilities, Weirdness & Mutations

You are mostly covered in yellow scales. (AC +3)
Your demonic aura often causes spilled blood to erupt in flames.
Your touch may inflict irresistible damage on your foes.
You have very sharp teeth.
You have a pair of small horns on your head.
You are agile. (Dex +4, Str/Int -1)


Message History

You hit the ancient zyme but do no damage.
The ancient zyme is almost destroyed.
The ancient zyme hits you but does no damage. x2
You feel ill.
You hit the ancient zyme.
You destroy the ancient zyme!
That felt strangely unrewarding.
You start resting.
Your hearing returns.
You start resting.
You are suddenly pulled into a different region of the Abyss!
You start resting.
You are suddenly pulled into a different region of the Abyss!
You start resting.
A harpy zombie comes into view.
You feel your health improve.
You hit the harpy zombie. You headbutt the harpy zombie!
The harpy zombie is lightly damaged.
The harpy zombie claws you but does no damage.
The harpy zombie barely misses you.
The harpy zombie claws you but does no damage. x2
The harpy zombie closely misses you. The harpy zombie claws you.
* * * LOW HITPOINT WARNING * * *
You barely miss the harpy zombie. You headbutt the harpy zombie.
The harpy zombie is moderately damaged.
The harpy zombie claws you but does no damage. x2
The harpy zombie barely misses you. The harpy zombie misses you.
You hit the harpy zombie.
The harpy zombie seems to grow stronger.
The harpy zombie is moderately damaged.
The harpy zombie claws you but does no damage. x2
The harpy zombie barely misses you. The harpy zombie misses you.
You slash the harpy zombie!
The harpy zombie convulses.
You touch the harpy zombie!
The harpy zombie is severely damaged.
The harpy zombie claws you but does no damage.
The harpy zombie misses you.
The harpy zombie claws you but does no damage.
The harpy zombie claws you!
You die...

.#... .... . ...
.# .. .# ##.##
.## ##...##
...##
...#.....#.....#
........@Z......
...#.....#.....#
##...## ...##
##.# .## .. .#
... .# ... .
.#...


You could see a harpy zombie (strong).

Vanquished Creatures
  2 ancient zymes (Abyss:1)
  A troll (D:9)
  2 hornets (D:7)
  A tarantella (D:7)
  A yak (D:7)
  4 wyverns
  2 steam dragons (D:7)
  3 sky beasts (D:7)
  2 ogres (D:6)
  2 black bears
  An ice beast (D:6)
  5 centaurs
  A lemure (D:7)
  A phantom (D:4)
  A weeping skull (Abyss:1)
  2 kobold brigands
  8 bullfrogs
  A scorpion (D:6)
  7 wights
  8 killer bees
  2 hounds
  2 orc priests
  3 gnoll boudas
  3 jellies
  5 iguanas
  4 orc wizards
  5 adders
  8 gnolls
  2 shadow imps (D:6)
  A white imp (D:7)
  5 dart slugs
  3 ribbon worms (D:2)
  18 orcs
  11 ball pythons
  2 bats (D:1)
  9 endoplasms
  4 giant cockroaches
  12 goblins
  4 hobgoblins
  4 jackals (D:2)
  4 frilled lizards
  16 kobolds
  6 rats
188 creatures vanquished.

Vanquished Creatures (collateral kills)
  3 yaks (D:7)
  A bullfrog (D:7)
  3 wights (D:7)
  2 killer bees (D:9)
  A gnoll (D:6)
10 creatures vanquished.

Vanquished Creatures (others)
  A lemure (D:7)
  A bullfrog zombie (D:8)
  2 starspawn tentacles (Abyss:1)
4 creatures vanquished.

Grand Total: 202 creatures vanquished

Notes
Turn   | Place    | Note
-------+----------+-------------------------------------------
     0 | D:1      | ezpacito the Demonspawn Chaos Knight began the quest for
                  | the Orb.
     0 | D:1      | Reached XP level 1. HP: 18/18 MP: 1/1
    48 | D:1      | XOM: butterfly on damage
    51 | D:1      | Reached skill level 1 in Dodging
    72 | D:1      | Gained mutation: Your touch may inflict minor irresistible
                  | damage on your foes. [demonic ancestry]
    72 | D:1      | Reached XP level 2. HP: 23/24 MP: 2/2
   335 | D:1      | XOM: silly message
   340 | D:1      | Reached XP level 3. HP: 29/29 MP: 3/3
   431 | D:1      | XOM: give mutations
   431 | D:1      | Gained mutation: You have very sharp teeth. [Xom's grace]
   431 | D:1      | Gained mutation: You have a pair of small horns on your
                  | head. [Xom's grace]
   552 | D:1      | XOM: divination: detect items
   768 | D:1      | Found Waonal's Assorted Antiques.
  1030 | D:2      | Gained mutation: Your demonic aura sometimes causes spilled
                  | blood to erupt in flames. [demonic ancestry]
  1030 | D:2      | Reached XP level 4. HP: 35/35 MP: 5/5
  1584 | D:2      | XOM: give mutation
  1584 | D:2      | Gained mutation: You are agile. (Dex +4, Str/Int -1) [Xom's
                  | mischief]
  1616 | D:2      | XOM: god gift: bronze wand {god gift}
  1965 | D:3      | XOM: divination: detect creatures
  2023 | D:3      | XOM: divination: detect creatures
  2030 | D:3      | Found a shimmering blue altar of Sif Muna.
  2037 | D:3      | XOM: cleaving
  2222 | D:3      | XOM: 2-stop teleportation journey
  2243 | D:3      | Found a sacrificial altar of Ru.
  2439 | D:3      | XOM: god gift: Zodu Hao's Guide on Company and Pyromania
                  | {god gift}
  2440 | D:3      | Got Zodu Hao's Guide on Company and Pyromania {god gift}
  2446 | D:3      | Learned a level 4 spell: Martyr's Knell
  2447 | D:3      | Found a faded altar of an unknown god.
  2736 | D:3      | XOM: cloud trail
  2905 | D:4      | Noticed a phantom
  2913 | D:4      | XOM: summons friendly crimson imp
  2914 | D:4      | Killed a phantom
  2915 | D:4      | Reached skill level 1 in Polearms
  2915 | D:4      | Reached skill level 1 in Stealth
  2915 | D:4      | Reached skill level 1 in Unarmed Combat
  2915 | D:4      | Reached skill level 1 in Spellcasting
  2915 | D:4      | Reached skill level 1 in Necromancy
  2915 | D:4      | Reached XP level 5. HP: 36/41 MP: 6/6
  3028 | D:4      | Reached skill level 1 in Throwing
  3298 | D:4      | Found a staircase to the Ecumenical Temple.
  3397 | Temple   | Entered the Ecumenical Temple
  3619 | D:3      | Reached XP level 6. HP: 44/48 MP: 7/7
  3625 | D:3      | Got Sif Muna's Directory of Incandescence
  3669 | D:5      | Entered Level 5 of the Dungeon
  3677 | D:5      | XOM: smoke on damage
  3710 | D:5      | Found Vugimuad's Armour Shoppe.
  3712 | D:5      | Found Sanwuss's Book Emporium.
  3889 | D:5      | Reached skill level 1 in Evocations
  3891 | D:5      | XOM: 1-stop teleportation journey
  4023 | D:5      | Found a hide-covered altar of Uskayaw.
  4025 | D:5      | Found an iron altar of Okawaru.
  4040 | D:5      | XOM: silly message
  4045 | D:5      | XOM: scenery: summon butterflies
  4101 | D:5      | Reached skill level 1 in Summonings
  4123 | D:5      | Found Yril's Antique Weapon Boutique.
  4253 | D:5      | XOM: god gift: opal ring {god gift}
  4290 | D:5      | XOM: cloud trail
  4309 | D:5      | Gained mutation: You are partially covered in yellow
                  | scales. (AC +2) [demonic ancestry]
  4309 | D:5      | Reached XP level 7. HP: 52/53 MP: 9/9
  4336 | D:5      | Reached skill level 4 in Fighting
  4348 | D:5      | Found Yki Ufung's Jewellery Emporium.
  4657 | D:1      | Bought a scroll labelled PASAOWAFUT for 27 gold pieces
  4657 | D:1      | Bought a scroll labelled ZIMODW KUIP for 27 gold pieces
  4657 | D:1      | Bought a runed broad axe for 189 gold pieces
  4861 | D:6      | XOM: cloud trail
  4907 | D:6      | XOM: summons friendly white imp
  5331 | D:6      | Reached XP level 8. HP: 60/60 MP: 11/11
  5713 | D:7      | Noticed a hornet
  5716 | D:7      | Paralysed by a hornet for 3 turns
  5717 | D:7      | XOM: scenery: 2 doors open
  5717 | D:7      | Noticed a hornet
  5723 | D:7      | Paralysed by a hornet for 1 turns
  5725 | D:7      | Killed a hornet
  5926 | D:7      | Paralysed by a hornet for 3 turns
  5933 | D:7      | Paralysed by a hornet for 1 turns
  5941 | D:7      | XOM: confuse monster(s)
  5945 | D:7      | Killed a hornet
  5958 | D:7      | XOM: enchant monster (good)
  6125 | D:7      | XOM: potion effect (invisibility)
  6258 | D:7      | Gained mutation: You are mostly covered in yellow scales.
                  | (AC +3) [demonic ancestry]
  6258 | D:7      | Reached XP level 9. HP: 37/67 MP: 13/13
  6386 | D:7      | Found a sparkling altar of Nemelex Xobeh.
  6625 | D:7      | Reached skill level 5 in Fighting
  6643 | D:7      | Found a stormy altar of Qazlal.
  6762 | D:7      | Noticed Pikel
  6773 | D:7      | XOM: scenery: summon butterflies
  6800 | D:7      | Pikel changed into Pikel the tarantella
  6800 | D:7      | Noticed Pikel
  6800 | D:7      | XOM: polymorph Pikel -> Pikel the tarantella
  6801 | D:7      | Killed Pikel the tarantella
  6895 | D:7      | Reached skill level 5 in Axes
  6930 | D:6      | XOM: cloud trail
  7030 | D:7      | XOM: potion effect (haste)
  7038 | D:6      | Gained mutation: Your touch may inflict irresistible damage
                  | on your foes. [demonic ancestry]
  7038 | D:6      | Reached XP level 10. HP: 69/74 MP: 15/15
  7127 | D:7      | Learned a level 1 spell: Foxfire
  7135 | D:7      | Learned a level 7 spell: Summon Hydra
  7140 | D:7      | Learned a level 4 spell: Sticky Flame
  7164 | D:8      | XOM: divination: detect creatures
  7211 | D:8      | Found a hazy altar of Hepliaklqana.
  7342 | D:8      | Found a staircase to the Lair.
  7394 | D:8      | Found an ornate altar of the Wu Jian Council.
  7454 | D:8      | XOM: cast spell 'Fugue of the Fallen'
  8239 | D:9      | XOM: noise
  8245 | D:9      | Reached skill level 1 in Ice Magic
  8248 | D:9      | XOM: potion effect (invisibility)
  8257 | D:9      | Reached skill level 1 in Conjurations
  8406 | D:9      | XOM: silly message
  8411 | D:9      | XOM: potion effect (might)
  8412 | D:9      | XOM: cast spell 'Animate Armour'
  8415 | D:9      | Reached skill level 5 in Armour
  8483 | D:9      | Reached skill level 5 in Necromancy
  8505 | D:9      | Noticed Erolcha
  8508 | Abyss:1  | Cast into level 1 of the Abyss (Erolcha)
  8538 | Abyss:1  | Noticed a tentacled starspawn
  8541 | Abyss:1  | Noticed a thrashing horror
  8549 | Abyss:1  | Reached skill level 6 in Fighting
  8549 | Abyss:1  | Reached skill level 5 in Dodging
  8549 | Abyss:1  | Reached skill level 1 in Fire Magic
  8549 | Abyss:1  | Gained mutation: Your demonic aura often causes spilled
                  | blood to erupt in flames. [demonic ancestry]
  8549 | Abyss:1  | Reached XP level 11. HP: 30/83 MP: 16/18
  8588 | Abyss:1  | Reached skill level 5 in Unarmed Combat
  8592 | Abyss:1  | Noticed a yellow draconian
  8595 | Abyss:1  | XOM: divination: detect items
  8610 | Abyss:1  | XOM: enchant monster (bad)
  8708 | Abyss:1  | HP: 4/83 [harpy zombie (6)]
  8711 | Abyss:1  | Mangled by a harpy zombie

Illustrated notes

Levels and vault maps discovered:
D:1:      wander_arrival_chamber, layout_loops_ring, serial_shops,
          nicolae_shop_back_alley_shop
D:2:      layout_basic, grunt_ministairs_6
D:3:      layout_basic, led_sif_book, mainiacjoe_overflow_alcove_2,
          basic_ecumenical_altar
D:4:      layout_basic, temple_fountains
D:5:      layout_loops_ring, nicolae_overflow_squiral, serial_shops,
          nicolae_shop_scrapyard, nicolae_shop_tiny_glass,
          nicolae_shop_pleasant_corner_grove, shop, nicolae_figureground_sparkle
D:6:      layout_basic
D:7:      layout_gridville, mainiacjoe_overflow_small_starburst,
          marbit_many_paths, minmay_manual_monstrance, uniq_pikel
D:8:      layout_basic, lemuel_round_altar, mainiacjoe_overflow_six_doors_small,
          lair_entry_dummy, st_stairs_8, skrybe_limestone_x
D:9:      layout_irregular_city, amcnicky_altar_gilded, grunt_decor_fettered,
          minivault_24, uniq_erolcha
Temple:   hc_temple_tempest_star
Abyss:1:  base:
D:8

Skill      XL: |  1  2  3  4  5  6  7  8  9 10 11 |
---------------+----------------------------------+-----
Dodging        | 1 2 3 4 5 |  5.2
Armour         | 2 3 4 5 |  5.6
Axes           | 3 4 5 |  5.8
Polearms       | 1 2 3 |  3.7
Stealth        | 1 2 3 4 |  4.0
Unarmed Combat | 1 2 3 4 5 |  5.0
Spellcasting   | 1 2 3 4 |  4.8
Necromancy     | 1 2 3 4 5 |  5.8
Throwing       | 1 2 3 |  3.6
Evocations     | 1 2 3 |  3.9
Summonings     | 1 2 3 |  3.9
Fighting       | 4 5 6 |  6.5
Ice Magic      | 2 |  2.9
Conjurations   | 2 |  2.3
Fire Magic     | 1 |  1.8
Alchemy        | 2 |  2.0

Action                     |  1- 3 |  4- 6 |  7- 9 | 10-12 || total
---------------------------+-------+-------+-------+-------++-------
  Melee: Hand axe          |    85 |   124 |   171 |   175 ||   555
         Touch             |    16 |    22 |    32 |    27 ||    97
         Headbutt          |     3 |    19 |    44 |    40 ||   106
         Bite              |     3 |     8 |    11 |    23 ||    45
  Evoke: Wand              |       |       |     9 |     1 ||    10
    Use: Scroll            |       |    11 |    10 |     6 ||    27
         Potion            |       |     5 |     3 |     3 ||    11
   Stab: Confused          |     1 |       |     1 |     3 ||     5
         Sleeping          |       |     3 |       |       ||     3
         Invisible         |       |       |     4 |     3 ||     7
         Petrifying        |       |       |     1 |       ||     1
         Petrified         |       |       |     4 |       ||     4
         Paralysed         |       |       |       |     2 ||     2
 Armour: Leather armour    |    48 |    39 |       |       ||    87
         Scale mail        |       |    69 |   162 |   155 ||   386
  Dodge: Dodged            |    37 |    90 |   166 |   170 ||   463

Table legend: (Time is in decaauts)
 A = Elapsed time spent in this place.
 B = Non-inter-level travel time spent in this place.
 C = Inter-level travel time spent in this place.
 D = Time resting spent in this place.
 E = Time spent auto-exploring this place.
 F = Levels seen in this place.
 G = Mean time per level.
                   A        B        C        D        E       F      G
               +--------+--------+--------+--------+--------+-----+--------+
         Total |   8753 |   8101 |    652 |    462 |   6029 |  11 |  795.7 |
       Dungeon |   8549 |   7898 |    651 |    384 |   6029 |   9 |  949.9 |
        Temple |      1 |      1 |      0 |      0 |      0 |   1 |    1.0 |
         Abyss |    202 |    202 |      0 |     78 |      0 |   1 |  202.0 |
               +--------+--------+--------+--------+--------+-----+--------+

Top non-repeatable levels by time:
     D:7: 1209 daAuts
     D:2: 1155 daAuts
     D:6: 1098 daAuts
     D:8: 1064 daAuts
     D:3: 1021 daAuts
     D:1: 938 daAuts
     D:5: 907 daAuts
     D:4: 872 daAuts
     D:9: 282 daAuts
 Abyss:1: 202 daAuts
  Temple: 1 daAuts
